 Dungeon Crawl Stone Soup version 0.21-a0-225-g207ae17 (webtiles) character file.

134 Banto the Ruffian (level 4, 0/35 HPs)
             Began as a Draconian Transmuter on Aug 30, 2017.
             Slain by a gnoll shaman
             ... wielding a +0 club
              (4 damage)
             ... on level 3 of the Dungeon.
             The game lasted 00:03:14 (2285 turns).

Banto the Ruffian (Draconian Transmuter)            Turns: 2285, Time: 00:03:15

Health: 0/35       AC:  5    Str: 13    XL:     4   Next: 95%
Magic:  4/7        EV: 12    Int: 14    God:
Gold:   89         SH:  0    Dex: 11    Spells: 1/7 levels left

rFire    . . .     SeeInvis .     - Unarmed
rCold    . . .     Gourm    .   (no shield)
rNeg     . . .     Faith    .   (armour unavailable)
rPois    +         Spirit   .   (helmet restricted)
rElec    .         Reflect  .   (no cloak)
rCorr    .         Harm     .   (no gloves)
MR       .....                  (no boots)
Stlth    +.........             (no amulet)
HPRegen  0.11/turn              i - ring of poison resistance
MPRegen  0.10/turn              (no ring)

@: very slightly contaminated
A: unfitting armour, cold-blooded, AC +5
a: no special abilities


You were on level 3 of the Dungeon.
You were not hungry.

You visited 1 branch of the dungeon, and saw 3 of its levels.

You collected 89 gold pieces.

Inventory:

Missiles
 a - 98 arrows
Jewellery
 i - a ring of poison resistance (left hand)
Scrolls
 d - a scroll of enchant armour {unknown}
 e - 4 scrolls of identify {unknown}
 g - a scroll of blinking {unknown}
 k - a scroll of fear {unknown}
 l - a scroll of amnesia {unknown}
 n - a scroll of enchant weapon {unknown}
Potions
 f - a potion of lignification {unknown}
 j - a potion of agility {unknown}
Books
 b - a book of Changes

   Spells                             Type                      Level
   a - Beastly Appendage              Transmutation                1
   b - Sticks to Snakes               Transmutation                2
   c - Spider Form                    Transmutation/Poison         3
   d - Ice Form                       Ice/Transmutation            4
   e - Blade Hands                    Transmutation                5
Comestibles
 c - 2 bread rations
 h - a royal jelly
 m - 4 chunks of flesh


   Skills:
 - Level 1.1 Fighting
 - Level 1.7 Dodging
 + Level 4.6 Unarmed Combat
 - Level 2.0 Spellcasting
 + Level 3.7 Transmutations


You had one spell level left.
You knew the following spells:

 Your Spells              Type           Power        Failure   Level  Hunger
a - Beastly Appendage     Tmut           ##....       4%          1    ##.....
b - Sticks to Snakes      Tmut           ##......     8%          2    ###....
c - Spider Form           Tmut/Pois      #.........   32%         3    ####...


Dungeon Overview and Level Annotations

Branches:
Dungeon (3/15)

Altars:
Gozag
Hepliaklqana
Kikubaaqudgha
Nemelex Xobeh
Ru


Innate Abilities, Weirdness & Mutations

Your plain brown scales are hard. (AC +5)
You cannot fit into any form of body armour.
You are cold-blooded and may be slowed by cold attacks.


Message History

Your ball python bites the gnoll shaman.
Your ball python constricts the gnoll shaman.
You hit the gnoll shaman but do no damage.
The gnoll shaman is moderately wounded.
The gnoll shaman closely misses you.
Your ball python bites the gnoll shaman but does no damage.
Your ball python constricts the gnoll shaman.
You hit the gnoll shaman but do no damage.
The gnoll shaman is moderately wounded.
Your ball python bites the gnoll shaman but does no damage.
Your ball python constricts the gnoll shaman.
The gnoll shaman hits you with a club.
* * * LOW HITPOINT WARNING * * *
You take 5 damage, and have 4/35 hp.
You hit the gnoll shaman.
The gnoll shaman is heavily wounded.
Your ball python bites the gnoll shaman but does no damage.
Your ball python constricts the gnoll shaman.
The gnoll shaman hits you with a club.
You die...

# # # # # # #########
#....S..###
#####.##.g@...#
#######........##.#.#
#...>.†.###.#####.#
#.####### #.#####.#
#.# #.......# #.#
######### #.#
######### #.##
#.....>.# ...#
#†......#


You could see a gnoll shaman and a friendly ball python.

Vanquished Creatures
  An orc wizard (D:3)
  3 adders
  2 oozes
  A worm (D:2)
  3 leopard geckos
  3 orcs (D:3)
  9 bats
  A giant cockroach (D:1)
  7 hobgoblins
  A quokka (D:2)
  A ball python (D:3)
  4 frilled lizards
  7 goblins
  5 kobolds
  7 rats
55 creatures vanquished.

Vanquished Creatures (collateral kills)
  An adder (D:3)
1 creature vanquished.

Grand Total: 56 creatures vanquished

Notes
Turn   | Place    | Note
-------+----------+-------------------------------------------
     0 | D:1      | Banto the Draconian Transmuter began the quest for the Orb.
     0 | D:1      | Reached XP level 1. HP: 16/16 MP: 3/3
   187 | D:1      | Reached XP level 2. HP: 20/23 MP: 5/5
   646 | D:1      | Found a sparkling altar of Nemelex Xobeh.
   790 | D:1      | Reached XP level 3. HP: 22/28 MP: 6/6
   881 | D:1      | Learned a level 2 spell: Sticks to Snakes
   885 | D:1      | Learned a level 3 spell: Spider Form
  1176 | D:2      | Reached skill level 4 in Unarmed Combat
  1347 | D:2      | Found a hazy altar of Hepliaklqana.
  1578 | D:2      | Found an ancient bone altar of Kikubaaqudgha.
  1650 | D:3      | Reached XP level 4. HP: 34/35 MP: 3/7
  1962 | D:2      | Found an opulent altar of Gozag.
  1964 | D:2      | Found a sacrificial altar of Ru.
  2285 | D:3      | Slain by a gnoll shaman

Vault maps used:
D:1:      matt_arrival_los_fun, minmay_misc_feat_encased,
          nemelex_diamond_rough_becter
D:2:      nicolae_overflow_hidden_temple, lemuel_doored_altar
D:3:      nrook_loot_triangle, minmay_misc_feat_ornament

Skill      XL: |  1  2  3 |
---------------+----------+-----
Transmutations | 3 |  3.7
Unarmed Combat | 4 |  4.6
Fighting       | |  1.1
Dodging        | |  1.7
Spellcasting   | |  2.0

Action                   |  1- 3 |  4- 6 || total
-------------------------+-------+-------++-------
Melee: Unarmed           |   152 |    72 ||   224
       Tailslap          |     9 |     4 ||    13
       Headbutt          |     2 |     1 ||     3
       Kick              |       |     1 ||     1
 Cast: Beastly Appendage |     4 |     3 ||     7
       Sticks to Snakes  |     1 |     3 ||     4
 Stab: Sleeping          |     1 |       ||     1
  Eat: Chunk             |     2 |     3 ||     5
Armor: Skin              |    72 |    19 ||    91
Dodge: Dodged            |   110 |    47 ||   157

Table legend:
 A = Spawn XP
 B = Non-spawn XP
 C = Spawn XP percentage of total XP
 D = Spawn monster count
 E = Non-spawn monster count
 F = Spawn count percentage of total count
 G = Total turns spent on level
                    A         B        C        D         E        F      G
               +---------+---------+-------+---------+---------+-------+---------
         Total |      12 |     180 |   6.2 |       8 |      48 |  14.3 |  2285
               +---------+---------+-------+---------+---------+-------+---------
           D:1 |       7 |      35 |  16.7 |       5 |      20 |  20.0 |   896
           D:2 |       5 |      40 |  11.1 |       3 |      11 |  21.4 |   983
           D:3 |       0 |     105 |   0.0 |       0 |      17 |   0.0 |   406
               +---------+---------+-------+---------+---------+-------+---------

Table legend:
 A = Turns spent in this place as a percentage of turns spent in the entire game.
 B = Non-inter-level travel turns spent in this place as a percentage of non-inter-level travel turns spent in the entire game.
 C = Inter-level travel turns spent in this place as a percentage of turns spent in this place.
 D = Turns resting spent in this place as a percentage of non-inter-level travel turns spent in this place.
 E = Turns spent auto-exploring this place as a percentage of non-inter-level travel turns spent in this place.
 F = Non-inter-level travel turns spent in this place divided by the number of levels of this place that you've seen.
                   A       B       C       D       E      F
               +-------+-------+-------+-------+-------+----------------------
         Total | 100.0 | 100.0 |   3.7 |  18.9 |  56.2 | 733.7
       Dungeon | 100.0 | 100.0 |   3.7 |  18.9 |  56.2 | 733.7
               +-------+-------+-------+-------+-------+----------------------

Table legend:
 A = Kills in this place as a percentage of kills in entire the game.
 B = Kills by you in this place as a percentage of kills by you in the entire game.
 C = Kills by friends in this place as a percentage of kills by friends in the entire game.
 D = Other kills in this place as a percentage of other kills in the entire game.
 E = Experience gained in this place as a percentage of experience gained in the entire game.
 F = Experience gained in this place divided by the number of levels of this place that you have seen.
                   A       B       C       D       E      F
               +-------+-------+-------+-------+-------+----------------------
         Total | 100.0 | 100.0 | 100.0 |   N/A | 100.0 |  64.0
       Dungeon | 100.0 | 100.0 | 100.0 |   N/A | 100.0 |  64.0
               +-------+-------+-------+-------+-------+----------------------
